 Dungeon Crawl Stone Soup version 0.29-a0-1052-g6990b1bffc (console) character file.

Game seed: 18123503711622626448

4331 odiv the Fighter (level 10, -21/80 HPs)
             Began as a Demonspawn Cinder Acolyte on Aug 17, 2022.
             Was a High Priest of Ignis.
             Demolished by a tentacled starspawn (31 damage)
             ... on level 2 of the Abyss.
             The game lasted 00:44:18 (12398 turns).

odiv the Fighter (Demonspawn Cinder Acolyte)       Turns: 12398, Time: 00:44:18

Health: -21/80     AC:  8    Str: 15    XL:     10   Next: 12%
Magic:  14/14      EV: 13    Int: 19    God:    Ignis [*****.]
Gold:   148        SH:  0    Dex:  9    Spells: 1/15 levels left

rFire   + . .      SeeInvis .   b - +4 dagger (drain)
rCold   . . .      Faith    .   (no shield)
rNeg    . . .      Spirit   .   B - +0 robe
rPois   .          Reflect  .   A - +2 hat
rElec   .          Harm     .   E - +1 cloak
rCorr   .          Rampage  .   (no gloves)
Will    .....                   (no boots)
Stlth   ++........              w - amulet of the acrobat
HPRegen 0.00/turn               C - ring of wizardry
MPRegen 0.14/turn               (no ring)

@: sick, hasted, very quick
A: antennae 1, icy blue scales 1, powered by death 2, demonic magic 1
a: Renounce Religion, Fiery Armour, Foxfire Swarm, Rising Flame


You were on level 2 of the Abyss.
You worshipped Ignis.
Ignis was extremely pleased with you.
You visited 2 branches of the dungeon, and saw 10 of its levels.
You visited the Abyss 1 time.

You collected 511 gold pieces.
You spent 363 gold pieces at shops.

Inventory:

Hand Weapons
 a - a +1 dagger of electrocution
 b - a +4 dagger of draining (weapon)
 x - a +0 dagger of freezing
 z - a +0 whip of flaming
 M - a +0 sling
 N - a -1 falchion of flaming
 O - a +0 shortbow of flaming
Missiles
 q - 4 curare-tipped darts
 J - 10 poisoned darts (quivered)
 K - 49 stones
Armour
 j - a +0 ring mail
 A - a +2 hat (worn)
 B - a +0 robe (worn)
 E - a +1 cloak (worn)
Magical Staves
 t - a staff of conjuration
Jewellery
 k - a ring of ice
 w - an amulet of the acrobat (around neck)
 C - a ring of wizardry (left hand)
Wands
 I - a wand of polymorph (6)
 L - a wand of flame (26)
Scrolls
 e - a scroll of vulnerability {unknown}
 f - a scroll of summoning {unknown}
 g - 2 scrolls of amnesia
 i - a scroll of identify
 m - a scroll of poison {unknown}
 n - 2 scrolls of immolation
 o - a scroll of magic mapping
 y - 2 scrolls of fog
Potions
 c - 3 potions of brilliance
 h - a potion of heal wounds
 p - 2 potions of berserk rage
 r - 2 potions of lignification {unknown}
 s - 3 potions of flight
 v - 2 potions of degeneration {unknown}
 D - 3 potions of haste
 F - 2 potions of mutation
 G - 2 potions of might
 H - 4 potions of curing


   Skills:
 + Level 8.2 Fighting
 + Level 3.0(3.5) Short Blades
 - Level 2.6(3.3) Long Blades
 + Level 5.5 Dodging
 + Level 2.9 Stealth
 - Level 3.0 Spellcasting
 + Level 6.0 Conjurations
 + Level 7.0 Fire Magic


You had one spell level left.
You knew the following spells:

 Your Spells              Type           Power      Damage    Failure   Level
a - Scorch                Fire           58%        2d8       1%          2
b - Magic Dart            Conj           100%       1d8       1%          1
c - Mephitic Cloud        Conj/Pois/Air  10%        N/A       9%          3
d - Sticky Flame          Conj/Fire      27%        2d5       4%          4
e - Flame Wave            Conj/Fire      27%        2d9       4%          4

Your spell library contained the following spells:

 Spells                   Type           Power      Damage    Failure   Level
 Sandblast                Erth           4%         2d4       6%          1
 Conjure Flame            Conj/Fire      27%        6-21      1%          3
 Stone Arrow              Conj/Erth      28%        3d8       5%          3
 Ignite Poison            Fire/Tmut/Pois 11%        N/A       7%          3
 Call Imp                 Summ           2%         N/A       9%          2
 Passwall                 Tmut/Erth      1%         N/A       9%          2
 Call Canine Familiar     Summ           2%         N/A       17%         3
 Gell's Gravitas          Tloc           2%         N/A       17%         3
 Portal Projectile        Hex/Tloc       4%         N/A       17%         3
 Teleport Other           Tloc           2%         N/A       17%         3
 Leda's Liquefaction      Hex/Erth       1%         N/A       50%         4
 Dispersal                Tloc           1%         N/A       100%        6
 Summon Cactus Giant      Summ           1%         N/A       100%        6


Dungeon Overview and Level Annotations

Branches:
Dungeon (9/15)             Temple (1/1) D:5            Lair (0/5) D:9
    Orc: D:9-12

Altars:
Ashenzari
Cheibriados
Dithmenos
Fedhas
Hepliaklqana
Kikubaaqudgha
Makhleb
Nemelex Xobeh
Okawaru
Qazlal
Ru
Sif Muna
Trog
Uskayaw
Vehumet
Wu Jian
Xom

Shops:
D:5 ![

Portals:
Bailey: D:9

Annotations:
D:8 exclusion: 2 doors
D:9 Erolcha
Temple 4 transporters


Innate Abilities, Weirdness & Mutations

You have a pair of small antennae on your head.
You are partially covered in icy blue scales. (AC +2)
You regenerate health from kills.
Spells you cast may paralyse adjacent enemies.


Message History

The thrashing horror roars!
The tormentor roars!
The thrashing horror misses you.
The thrashing horror completely misses you.
The starspawn tentacle closely misses you.
As you read the scroll labelled ROLIANASTALENK, it crumbles to dust.
It is a scroll of enchant armour.
Your +0 cloak glows green for a moment.
The thrashing horror tramples you!
You hold your ground!
The thrashing horror closely misses you.
The starspawn tentacle grabs you. The starspawn tentacle constricts you.
The starspawn tentacle loses its grip on you.
The tentacle pulls you backwards!
A starspawn tentacle comes into view.
Found 20 gold pieces.
The thrashing horror completely misses you.
The thrashing horror tramples you.
You hold your ground!
Your body is wracked with pain!
* * * LOW HITPOINT WARNING * * *
The tentacled starspawn attacks as you move away!
The tentacled starspawn bites you!
* * * LOW HITPOINT WARNING * * *
The tentacled starspawn tentacle-slaps you.
* * * LOW HITPOINT WARNING * * *
The tormentor calls on the powers of darkness!
You feel a surge of unholy energy.
You feel much better.
The thrashing horror barely misses you. x2
The tormentor calls on the powers of darkness!
Your body is wracked with pain!
* * * LOW HITPOINT WARNING * * *
The worldbinder calls forth creatures from the Swamp!
Okay, then.
You feel yourself speed up. The thrashing horror barely misses you.
The thrashing horror tramples you.
* * * LOW HITPOINT WARNING * * *
You hold your ground!
The tormentor calls on the powers of darkness!
Your body is wracked with pain!
* * * LOW HITPOINT WARNING * * *
The tentacled starspawn bites you!!
You die...

#.8#...###.#.x. ..#
# #+
#+.....#...#xn..
..#.$+.....##.....4#
.# .....#.....#. ..
... #§ +...#.###.n##
#4.##.#
......Λn4.x.#. ..#
...
#.#..{2\n5#..x####
..##
#...#XXX##.#...# ###
#.│##@##. #.5....#
.....w.#.#.. #...#..
.#..... #####..#..#.
#...### .. #. ## ...
#.# ..# ## .. ## .
.#. #..


You could see a tentacled starspawn, a thrashing horror, a large abomination, a
rust devil, a worldbinder, 3 bog bodies, a tormentor, a starspawn tentacle and
an ufetubus.

Vanquished Creatures
  Pikel (D:4)
  A troll (D:8)
  A steam dragon (D:8)
  A water moccasin (D:6)
  An orc warrior (D:9)
  2 black bears
  4 ogres
  3 centaurs
  A phantom (D:5)
  A kobold brigand (D:6)
  3 bullfrogs
  3 necrophages
  2 gnoll sergeants (D:6)
  9 scorpions
  9 wights
  A killer bee (D:8)
  3 hounds (D:4)
  2 jellies
  9 orc priests
  An iguana (D:7)
  6 orc wizards
  5 adders (D:3)
  11 gnolls
  A shadow imp (D:5)
  2 white imps (D:6)
  2 ufetubi (D:4)
  A worm (D:3)
  4 dart slugs
  43 orcs
  A bat (D:2)
  4 endoplasms
  A giant cockroach (D:1)
  5 goblins
  7 hobgoblins
  4 jackals (D:3)
  3 quokkas
  6 ball pythons
  2 frilled lizards
  10 kobolds
  A rat (D:1)
177 creatures vanquished.

Vanquished Creatures (others)
  A lurking horror (Abyss:2)
  2 starspawn tentacles (Abyss:2)
3 creatures vanquished.

Grand Total: 180 creatures vanquished

Notes
Turn   | Place    | Note
-------+----------+-------------------------------------------
     0 | D:1      | odiv the Demonspawn Cinder Acolyte began the quest for the
                  | Orb.
     0 | D:1      | Reached XP level 1. HP: 18/18 MP: 2/2
    58 | D:1      | Found a faded altar of an unknown god.
   684 | D:1      | Gained mutation: You have a pair of small antennae on your
                  | head. [demonic ancestry]
   684 | D:1      | Reached XP level 2. HP: 21/24 MP: 3/3
  1204 | D:1      | Learned a level 2 spell: Scorch
  1255 | D:2      | Reached skill level 4 in Fighting
  1561 | D:2      | Reached XP level 3. HP: 30/30 MP: 1/4
  2073 | D:2      | Gained mutation: You regenerate a little health from kills.
                  | [demonic ancestry]
  2073 | D:2      | Reached XP level 4. HP: 32/38 MP: 0/5
  2507 | D:3      | Reached XP level 5. HP: 38/43 MP: 1/8
  3016 | D:3      | Learned a level 1 spell: Magic Dart
  3220 | D:3      | Found an iron altar of Okawaru.
  3220 | D:3      | Found a broken altar of Ashenzari.
  3221 | D:3      | Found a sparkling altar of Nemelex Xobeh.
  3222 | D:3      | Found a shadowy altar of Dithmenos.
  3225 | D:3      | Found a snail-covered altar of Cheibriados.
  3670 | D:4      | Reached skill level 1 in Dodging
  3670 | D:4      | Gained mutation: You are partially covered in icy blue
                  | scales. (AC +2) [demonic ancestry]
  3670 | D:4      | Reached XP level 6. HP: 25/50 MP: 0/9
  4128 | D:4      | Noticed Pikel
  4272 | D:5      | Entered Level 5 of the Dungeon
  4336 | D:4      | Reached skill level 1 in Conjurations
  4337 | D:4      | Reached skill level 5 in Fighting
  4652 | D:5      | Found a staircase to the Ecumenical Temple.
  4662 | Temple   | Entered the Ecumenical Temple
  4662 | Temple   | Found a transporter.
  4662 | Temple   | Found a transporter.
  4664 | Temple   | Found a transporter.
  4664 | Temple   | Found a transporter.
  5217 | D:4      | Found an ancient bone altar of Kikubaaqudgha.
  5256 | D:4      | Killed Pikel
  5257 | D:4      | Reached skill level 6 in Fighting
  5257 | D:4      | Reached XP level 7. HP: 47/58 MP: 6/11
  5639 | D:5      | Reached skill level 5 in Fire Magic
  5639 | D:5      | Gained mutation: Spells you cast may paralyse adjacent
                  | enemies. [demonic ancestry]
  5639 | D:5      | Reached XP level 8. HP: 64/64 MP: 3/12
  6322 | D:5      | Found Qogovid's Distillery.
  6349 | D:5      | Bought a potion of might for 44 gold pieces
  6349 | D:5      | Bought a potion of curing for 33 gold pieces
  6349 | D:5      | Bought a potion of haste for 110 gold pieces
  6349 | D:5      | Bought a potion of flight for 33 gold pieces
  6349 | D:5      | Bought a potion of mutation for 88 gold pieces
  6565 | D:5      | Found Zese's Armour Shoppe.
  7234 | D:6      | Reached skill level 7 in Fighting
  7305 | D:6      | Identified the +5 spear "Munym" {holy, rCorr Str-3 SInv}
  7620 | D:6      | Reached XP level 9. HP: 49/72 MP: 7/13
  8143 | D:6      | Learned a level 3 spell: Mephitic Cloud
  8238 | D:6      | Learned a level 4 spell: Sticky Flame
  8293 | D:6      | Reached skill level 5 in Conjurations
  8380 | D:5      | Bought a potion of berserk rage for 55 gold pieces
  8687 | D:6      | Reached skill level 1 in Short Blades
  9025 | D:7      | Learned a level 4 spell: Flame Wave
  9638 | D:7      | Reached skill level 1 in Stealth
  9778 | D:7      | Reached skill level 5 in Dodging
 10958 | D:8      | Reached skill level 8 in Fighting
 11739 | D:9      | Noticed a troll
 11757 | D:9      | Noticed a troll
 11767 | D:8      | Killed a troll
 11768 | D:8      | Gained mutation: You regenerate health from kills. [demonic
                  | ancestry]
 11768 | D:8      | Reached XP level 10. HP: 39/80 MP: 4/14
 11970 | D:9      | Found a flagged portal.
 11974 | D:9      | Found a staircase to the Lair.
 12268 | D:9      | Noticed Erolcha
 12269 | Abyss:2  | Cast into level 2 of the Abyss (Erolcha)
 12359 | Abyss:2  | Noticed a worldbinder
 12359 | Abyss:2  | Noticed a thrashing horror
 12368 | Abyss:2  | Noticed a bog body
 12370 | Abyss:2  | Noticed a bog body
 12370 | Abyss:2  | Noticed a goliath frog
 12381 | Abyss:2  | Noticed a rust devil
 12382 | Abyss:2  | Noticed a large abomination
 12383 | Abyss:2  | Noticed a bog body
 12383 | Abyss:2  | Noticed a bog body
 12383 | Abyss:2  | Noticed a goliath frog
 12388 | Abyss:2  | Noticed a tentacled starspawn
 12396 | Abyss:2  | HP: 1/80 [tentacled starspawn (4)]
 12398 | Abyss:2  | Noticed a bog body
 12398 | Abyss:2  | Noticed a bog body
 12398 | Abyss:2  | Noticed a bog body
 12398 | Abyss:2  | Demolished by a tentacled starspawn

Illustrated notes

Levels and vault maps discovered:
D:1:      dpeg_arrival_signposts, layout_loops_ring,
          chequers_ecumenical_altar_lobes, minmay_misc_feat_pillars
D:2:      layout_loops_ring
D:3:      layout_rooms, minitemple
D:4:      layout_loops_ring, gammafunk_temple_overflow_elements,
          corner_web_ring, nicolae_concentric_dashed_squares_mild, uniq_pikel
D:5:      layout_layer_cave, minmay_temple_entry_wispy, serial_shops, shop,
          shop, kennysheep_dice
D:6:      layout_basic
D:7:      layout_basic, serial_co_window_serial, co_window_corner_a,
          co_window_cross_1, co_window_paths_a, co_window_paths_b,
          co_window_paths_b, co_window_corner_b, co_window_2corner,
          co_window_paths_c, co_window_corner_ca, glass_columns_b,
          glass_columns_a
D:8:      layout_loops_ring, dk_vineyard_1, kennysheep_potato
D:9:      layout_big_octagon, lair_entry_dummy, enter_bailey_2,
          grunt_ministairs_9, uniq_erolcha, uniq_gastronok
Temple:   hellmonk_temple_divided_pantheon
Abyss:2:  base: Temple, bh_abyss_exit_choice, minivault_13, minivault_13

Skill      XL: |  1  2  3  4  5  6  7  8  9 10 |
---------------+-------------------------------+-----
Fighting       | 4 6 7 8 |  8.2
Fire Magic     | 3 4 5 6 7 |  7.0
Spellcasting   | 2 3 |  3.0
Dodging        | 1 2 4 5 |  5.5
Conjurations   | 2 3 4 5 6 |  6.0
Short Blades   | 2 3 |  3.0
Stealth        | 2 |  2.9
Long Blades    | |  2.6

Action                   |  1- 3 |  4- 6 |  7- 9 | 10-12 || total
-------------------------+-------+-------+-------+-------++-------
Melee: Falchion          |    58 |   105 |     4 |       ||   167
       Dagger            |       |       |   127 |    14 ||   141
       Punch             |       |       |     2 |       ||     2
Throw: Stone             |    17 |    27 |       |       ||    44
       Dart              |       |     2 |     8 |     1 ||    11
 Cast: Scorch            |    10 |    67 |   112 |     5 ||   194
       Magic Dart        |       |     7 |    36 |       ||    43
       Sticky Flame      |       |       |     8 |     4 ||    12
       Mephitic Cloud    |       |       |     6 |       ||     6
Invok: Fiery Armour      |       |     1 |       |       ||     1
Evoke: Wand              |       |       |     3 |     1 ||     4
  Use: Potion            |       |     1 |       |     2 ||     3
       Scroll            |       |       |     6 |     5 ||    11
 Stab: Sleeping          |     1 |     1 |       |       ||     2
       Paralysed         |       |       |    46 |     3 ||    49
       Confused          |       |       |     1 |       ||     1
Armor: Robe              |    11 |    26 |    40 |     6 ||    83
       Ring mail         |     7 |       |       |       ||     7
Dodge: Dodged            |    29 |    85 |   161 |   120 ||   395

Table legend: (Time is in decaauts)
 A = Elapsed time spent in this place.
 B = Non-inter-level travel time spent in this place.
 C = Inter-level travel time spent in this place.
 D = Time resting spent in this place.
 E = Time spent auto-exploring this place.
 F = Levels seen in this place.
 G = Mean time per level.
                   A        B        C        D        E       F      G
               +--------+--------+--------+--------+--------+-----+--------+
         Total |  12422 |  11607 |    815 |   3204 |   5748 |  11 | 1129.3 |
       Dungeon |  12269 |  11465 |    804 |   3204 |   5743 |   9 | 1363.2 |
        Temple |     23 |     12 |     11 |      0 |      5 |   1 |   23.0 |
         Abyss |    128 |    128 |      0 |      0 |      0 |   1 |  128.0 |
               +--------+--------+--------+--------+--------+-----+--------+

Top non-repeatable levels by time:
     D:7: 2081 daAuts
     D:5: 1820 daAuts
     D:4: 1608 daAuts
     D:6: 1565 daAuts
     D:3: 1495 daAuts
     D:1: 1244 daAuts
     D:2: 1131 daAuts
     D:8: 1027 daAuts
     D:9: 295 daAuts
 Abyss:2: 128 daAuts
  Temple: 23 daAuts
